 Dungeon Crawl Stone Soup version 0.20-a0-618-gbb8d3ca (webtiles) character file.

7323 Laan the Thaumaturge (level 10, -2/63 HPs)
             Began as a Mummy Fire Elementalist on Feb 9, 2017.
             Was a Believer of Vehumet.
             Slain by an unseen horror (4 damage)
             ... on level 9 of the Dungeon.
             The game lasted 00:30:12 (11390 turns).

Laan the Thaumaturge (Mummy Fire Elementalist)     Turns: 11390, Time: 00:30:12

Health: -2/63      AC:  7    Str: 12    XL:     10   Next: 90%
Magic:  2/25       EV: 18    Int: 21    God:    Vehumet [**....]
Gold:   555        SH:  0    Dex: 15    Spells: 18/32 levels left

rFire    x . .     SeeInvis .   w - staff of wizardry
rCold    + + .     Gourm    .   s - +0 robe of Elyvilon's Wrath {Int+3 Dex+3}
rNeg     + + +     Faith    .   (no shield)
rPois    ∞         Spirit   .   a - +2 helmet
rElec    .         Reflect  .   f - +0 cloak
rCorr    .         Harm     .   h - +0 pair of gloves
MR       +....                  (no boots)
Stlth    ++........             (no amulet)
Regen    0.2/turn               l - +6 ring of evasion
                                c - ring of protection from cold

@: no status effects
A: no food or potions, fire vulnerability, cold resistance 1, negative energy
resistance 3, torment resistance, unbreathing
a: Renounce Religion


You were on level 9 of the Dungeon.
You worshipped Vehumet.
Vehumet was pleased with you.
You were not hungry.

You visited 2 branches of the dungeon, and saw 10 of its levels.

You collected 555 gold pieces.

Inventory:

Hand Weapons
 q - a +1 dagger of speed
 u - a +1 hand axe of electrocution
Armour
 a - a +2 helmet (worn)
 f - a +0 cloak (worn)
 h - a +0 pair of gloves (worn)
 s - the +0 robe of Elyvilon's Wrath (worn) {Int+3 Dex+3}
   (You found it on level 5 of the Dungeon)

   It affects your intelligence (+3).
   It affects your dexterity (+3).
Magical Staves
 w - an uncursed staff of wizardry (weapon)
Jewellery
 c - a ring of protection from cold (left hand)
 l - a +6 ring of evasion (right hand)
Wands
 p - a wand of lightning (10/15)
 r - a wand of paralysis (10/24)
 v - a wand of flame (20/48)
 x - a wand of iceblast (5/15)
 y - a wand of lightning (6/15)
Scrolls
 d - a scroll of amnesia {unknown}
 e - a scroll of fog {unknown}
 g - 5 scrolls of remove curse
 i - 5 scrolls of enchant armour {unknown}
 j - a scroll of immolation {unknown}
 k - 3 scrolls of teleportation {unknown}
 m - 4 scrolls of recharging {unknown}
 n - 3 scrolls of magic mapping {unknown}
 o - 5 scrolls of identify
 t - 3 scrolls of enchant weapon {unknown}
 z - a scroll of brand weapon {unknown}
Books
 b - a book of Flames

   Spells                             Type                      Level
   a - Flame Tongue                   Conjuration/Fire             1
   b - Throw Flame                    Conjuration/Fire             2
   c - Conjure Flame                  Conjuration/Fire             3
   d - Inner Flame                    Hexes/Fire                   3
   e - Sticky Flame                   Conjuration/Fire             4
   f - Fireball                       Conjuration/Fire             5


   Skills:
 - Level 1.5 Dodging
 - Level 1.5 Stealth
 + Level 11.5 Spellcasting
 * Level 11.5 Conjurations
 - Level 2.4 Fire Magic


You had 18 spell levels left.
You knew the following spells:

 Your Spells              Type           Power        Failure   Level  Hunger
a - Flame Tongue          Conj/Fire      #####        1%          1    N/A
b - Fireball              Conj/Fire      #####.....   4%          5    N/A
c - Sticky Flame          Conj/Fire      #####...     1%          4    N/A
d - Conjure Flame         Conj/Fire      #####...     1%          3    N/A
e - Magic Dart            Conj           ####         1%          1    N/A

Dungeon Overview and Level Annotations

Branches:
Dungeon (9/15)             Temple (1/1) D:6
   Lair: D:8-11         Orc: D:9-12

Altars:
Cheibriados
Dithmenos
Elyvilon
Fedhas
Gozag
Hepliaklqana
Makhleb
Nemelex Xobeh
Sif Muna
Vehumet
Xom
Zin
The Shining One

Shops:
D:8 :


Innate Abilities, Weirdness & Mutations

You do not eat or drink.
Your flesh is vulnerable to fire.
You are immune to poison.
Your flesh is cold resistant. (rC+)
You are immune to negative energy. (rN+++)
You are immune to unholy pain and torment.
You can survive without breathing.


Message History

Aiming: Sticky Flame
Press: ? - help, Shift-Dir - straight line, f - unseen horror
Aim: an unseen horror (heavily wounded, slightly transparent, covered in liquid flames)
The sticky flame hits the unseen horror.
The unseen horror is heavily wounded.
The unseen horror burns!
The unseen horror hits you.
* * * LOW HITPOINT WARNING * * *
The unseen horror hits you.
* * * LOW HITPOINT WARNING * * *
The unseen horror barely misses you.
Casting: Sticky Flame
Confirm with . or Enter, or press ? or * to list all spells.
Aiming: Sticky Flame
Press: ? - help, Shift-Dir - straight line, f/p - unseen horror
Aim: an unseen horror (heavily wounded, slightly transparent, covered in liquid flames)
The sticky flame hits the unseen horror.
The unseen horror is severely wounded.
The unseen horror burns!
The unseen horror closely misses you. The unseen horror hits you.
You die...

#.#### #.#
########.#########
.............†....
.....#†################
.### #.'.......†.......
#.#)..............
#.##..##############
#..#...# #@.........
#..#...###x.........
#..##...##..########
#...#....#..# #.
##......# ###....#
####..# ##+#


You could see an unseen horror (burning).

Vanquished Creatures
  3 two-headed ogres
  The ghost of Kiturien the Fighter, a novice HOFi (D:6)
  A hippogriff (D:7)
  A spriggan (D:8)
  4 ice beasts
  4 sky beasts
  5 black bears
  5 phantoms
  2 ogres
  9 centaurs
  A crocodile (D:8)
  6 bullfrogs
  2 scorpions
  A wyvern skeleton (D:9)
  7 killer bees
  A howler monkey (D:5)
  A crimson imp (D:7)
  7 hounds
  7 bullfrog zombies
  An orc priest (D:8)
  An iguana (D:6)
  2 orc wizards
  2 hell rats (D:7)
  6 worker ants
  2 hound zombies (D:5)
  5 hound skeletons
  4 gnolls
  8 river rats
  9 adders
  An ooze (D:4)
  2 adder skeletons
  4 worms
  7 leopard geckos
  12 orcs
  2 ball pythons
  12 giant cockroaches
  6 goblins
  5 hobgoblins
  8 jackals
  8 quokkas
  7 bats
  4 frilled lizards
  A jackal skeleton (D:5)
  5 kobolds
  A leopard gecko zombie (D:5)
  22 rats
215 creatures vanquished.

Notes
Turn   | Place    | Note
-------+----------+-------------------------------------------
     0 | D:1      | Laan the Mummy Fire Elementalist began the quest for the Orb.
     0 | D:1      | Reached XP level 1. HP: 13/13 MP: 4/4
    61 | D:1      | Reached skill level 1 in Conjurations
   298 | D:1      | Reached XP level 2. HP: 19/19 MP: 1/5
  1362 | D:2      | Reached XP level 3. HP: 24/24 MP: 5/7
  1401 | D:2      | Found a shimmering altar of Xom.
  1402 | D:2      | Found a shimmering altar of Xom.
  1402 | D:2      | Found a shimmering altar of Xom.
  1402 | D:2      | Found a shimmering altar of Xom.
  1402 | D:2      | Found a shimmering altar of Xom.
  1404 | D:2      | Found a shimmering altar of Xom.
  2493 | D:3      | Found a deep blue altar of Sif Muna.
  2568 | D:3      | Reached XP level 4. HP: 30/30 MP: 3/9
  3025 | D:4      | Noticed an ice beast
  3038 | D:4      | Killed an ice beast
  3038 | D:4      | Reached XP level 5. HP: 23/35 MP: 0/11
  3154 | D:4      | Noticed a phantom
  3220 | D:3      | Learned a level 5 spell: Fireball
  3225 | D:3      | Learned a level 4 spell: Sticky Flame
  3241 | D:4      | Killed a phantom
  3241 | D:4      | Reached XP level 6. HP: 32/41 MP: 1/13
  3657 | D:4      | Reached skill level 5 in Spellcasting
  3657 | D:4      | Reached skill level 5 in Conjurations
  3906 | D:4      | Reached XP level 7. HP: 34/46 MP: 0/15
  4306 | D:5      | Entered Level 5 of the Dungeon
  4319 | D:5      | Found a white marble altar of Elyvilon.
  4416 | D:5      | Found a snail-covered altar of Cheibriados.
  4654 | D:5      | Noticed a two-headed ogre
  4671 | D:5      | Killed a two-headed ogre
  4671 | D:5      | Reached XP level 8. HP: 5/52 MP: 8/19
  5459 | D:5      | Got a ripped robe
  5470 | D:5      | Identified the cursed +0 robe of Elyvilon's Wrath {Int+3 Dex+3} (You found it on level 5 of the Dungeon)
  5547 | D:5      | Reached XP level 9. HP: 23/57 MP: 13/21
  6636 | D:6      | Noticed Kiturien's ghost (novice HOFi)
  6725 | D:5      | Learned a level 3 spell: Conjure Flame
  6821 | D:6      | Killed Kiturien's ghost
  6998 | D:6      | Found a staircase to the Ecumenical Temple.
  7005 | Temple   | Entered the Ecumenical Temple
  7082 | Temple   | Became a worshipper of Vehumet
  7286 | D:6      | Found a hazy altar of Hepliaklqana.
  7288 | D:6      | Found a shadowy altar of Dithmenos.
  8575 | D:7      | Reached * piety under Vehumet
  8575 | D:7      | Offered knowledge of Shock by Vehumet.
  8577 | D:7      | Reached skill level 10 in Spellcasting
  8577 | D:7      | Reached skill level 10 in Conjurations
  9057 | D:7      | Found a glowing golden altar of the Shining One.
  9110 | D:7      | Reached XP level 10. HP: 58/63 MP: 16/24
  9683 | D:7      | Offered knowledge of Magic Dart by Vehumet.
  9721 | D:7      | Learned a level 1 spell: Magic Dart
  9745 | D:7      | Reached ** piety under Vehumet
 10020 | D:8      | Noticed a two-headed ogre
 10032 | D:8      | Killed a two-headed ogre
 10268 | D:8      | Found a blossoming altar of Fedhas.
 10513 | D:8      | Noticed a two-headed ogre
 10522 | D:8      | Killed a two-headed ogre
 10816 | D:8      | Found a sparkling altar of Nemelex Xobeh.
 10998 | D:8      | Found Pud Urun's Book Boutique.
 11285 | D:9      | Offered knowledge of Throw Frost by Vehumet.
 11386 | D:9      | Noticed an unseen horror
 11387 | D:9      | HP: 3/63 [unseen horror (8)]
 11390 | D:9      | Slain by an unseen horror

Vault maps used:
D:1:      kennysheep_arrival_seaside
D:2:      xom_redecorated, minmay_heptomino_d4
D:3:      gup_sewer_entry_spiral, led_sif_pool
D:4:      first_bread
D:5:      elyvilon_altar_5, basic_altar
D:6:      nicolae_overflow_hidden_temple, minmay_temple_entry_glassed_door
D:7:      lemuel_ratsnest, tso_altar, serial_curves, eino_curves_01,
          eino_curves_02
D:8:      nicolae_overflow_crystal_walls, serial_shops, shop, basic_altar,
          the_bakery
D:9:      minmay_quarter_circles, lair_entry_dummy
Temple:   regret_index_temple_generic_petals

Skill      XL: |  1  2  3  4  5  6  7  8  9 10 |
---------------+-------------------------------+-----
Conjurations   | 1 2 4 5 7 8 10 11 | 11.5
Spellcasting   | 3 4 5 7 8 10 11 | 11.5
Dodging        | |  1.5
Stealth        | |  1.5
Fire Magic     | |  2.4

Action                   |  1- 3 |  4- 6 |  7- 9 | 10-12 || total
-------------------------+-------+-------+-------+-------++-------
Melee: Unarmed           |     6 |       |       |       ||     6
       Short sword       |     2 |       |    94 |       ||    96
       Halberd           |       |       |    48 |    70 ||   118
       Dagger            |       |       |       |    49 ||    49
       Staff             |       |       |       |     2 ||     2
 Cast: Flame Tongue      |    88 |    97 |   191 |   153 ||   529
       Sticky Flame      |       |       |    21 |    30 ||    51
       Fireball          |       |       |     1 |     3 ||     4
       Conjure Flame     |       |       |     1 |     1 ||     2
  Use: Scroll            |       |       |     2 |     1 ||     3
Armor: Robe              |    10 |    10 |    46 |    40 ||   106
Dodge: Dodged            |    32 |    30 |   172 |   193 ||   427
